 Dungeon Crawl Stone Soup version 0.21.0-3-g78d12a8 (webtiles) character file.

110026 MTVSty1e the Severer (level 16, -4/150 HPs)
             Began as a Pale Draconian Berserker on Jan 11, 2018.
             Was the Champion of Trog.
             Killed from afar by a thorn hunter (21 damage)
             ... with a volley of thorns
             ... on level 4 of the Swamp.
             The game lasted 01:17:11 (34241 turns).

MTVSty1e the Severer (Pale Draconian Berserker)    Turns: 34241, Time: 01:17:12

Health: -4/150     AC: 13    Str: 27    XL:     16   Next: 6%
Magic:  0/20       EV: 18    Int:  9    God:    Trog [******]
Gold:   1845       SH: 12    Dex: 14    Spells: 15/15 levels left

rFire    + . .     SeeInvis .   o - +11 hand axe of Hell's Wrath {flame, rF+}
rCold    + . .     Gourm    .   T - +0 shield {reflect}
rNeg     . . .     Faith    .   (armour unavailable)
rPois    +         Spirit   +   C - +1 hat
rElec    .         Reflect  +   N - +0 cloak
rCorr    .         Harm     .   I - +0 pair of gloves
MR       +....                  P - +0 pair of boots
Stlth    ..........             f - amulet of guardian spirit
HPRegen  0.35/turn              m - ring of protection from cold
MPRegen  0.17/turn              A - ring "Toawuk" {rPois Str-2 Dex+2 Stlth-}

@: mighty, about to teleport
A: breathe steam, unfitting armour, cold-blooded, AC +9
a: Breathe Steam, Berserk, Trog's Hand, Brothers in Arms, Burn Spellbooks,
Renounce Religion


You were on level 4 of the Swamp.
You worshipped Trog.
Trog was exalted by your worship.
You were not hungry.

You visited 5 branches of the dungeon, and saw 27 of its levels.
You visited the Abyss 1 time.
You visited 1 bazaar.
You also visited: Ice Cave.

You collected 2780 gold pieces.
You spent 935 gold pieces at shops.

Inventory:

Hand Weapons
 o - the +11 hand axe of Hell's Wrath (weapon) {flame, rF+}
   (You took it off a centaur on level 7 of the Dungeon)

   It has been specially enchanted to burn those struck by it, causing extra
   injury to most foes and up to half again as much damage against particularly
   susceptible opponents.
   Big, fiery blades are also staple armaments of hydra-hunters.
   It protects you from fire.
 x - a +9 antimagic executioner's axe
 D - a +8 battleaxe of electrocution
Armour
 q - a +3 buckler of protection
 C - a +1 hat (worn)
 E - the +2 hat of an ossuary {*Corrode rF+ Int+3}
   (You found it in an ice cave)

   It affects your intelligence (+3).
   It protects you from fire.
   It may corrode you when you take damage.
 I - a +0 pair of gloves (worn)
 N - a +0 cloak (worn)
 P - a +0 pair of boots (worn)
 T - a +0 shield of reflection (worn)
Jewellery
 f - an amulet of guardian spirit (around neck)
 h - an uncursed amulet of regeneration {unknown}
 l - an uncursed ring of see invisible
 m - a ring of protection from cold (left hand)
 y - an uncursed ring of protection from fire
 A - the ring "Toawuk" (right hand) {rPois Str-2 Dex+2 Stlth-}
   (You found it on level 10 of the Dungeon)

   [ring of loudness]

   It affects your strength (-2).
   It affects your dexterity (+2).
   It protects you from poison.
   It makes you less stealthy.
 Q - an uncursed ring of poison resistance
 U - an uncursed ring of resist corrosion
Wands
 i - a wand of digging (32)
 k - a wand of enslavement (11)
 r - a wand of scattershot (12)
 u - a wand of iceblast (34)
 v - a wand of disintegration (10)
 H - a wand of acid (7)
 O - a wand of polymorph (40)
 V - a wand of flame (13)
Scrolls
 a - 3 scrolls of enchant armour
 c - 8 scrolls of teleportation
 e - 5 scrolls of magic mapping
 j - 6 scrolls of remove curse
 t - 5 scrolls of fog
 w - a scroll of identify
 z - a scroll of vulnerability
 S - a scroll of summoning
Potions
 d - 2 potions of ambrosia
 g - 2 potions of flight
 n - 2 potions of might
 p - 4 potions of curing
 s - 2 potions of resistance
 F - 2 potions of brilliance {unknown}
 G - a potion of cancellation {unknown}
 J - a potion of magic {unknown}
 K - a potion of berserk rage
 L - 6 potions of mutation
 M - 4 potions of haste
 R - a potion of agility
Comestibles
 b - 9 rations


   Skills:
 + Level 15.6 Fighting
 * Level 18.6 Axes
 + Level 11.6 Dodging
 - Level 9.0 Shields
 - Level 6.5 Evocations


You had 15 spell levels left.
You didn't know any spells.

Dungeon Overview and Level Annotations

Branches:
Dungeon (15/15)            Temple (0/1) D:6            Lair (5/6) D:10
  Swamp (4/4) Lair:2        Snake (1/4) Lair:3        Slime (0/5) Lair:5
    Orc (2/2) D:10            Elf (0/3) Orc:2        Vaults (0/5) D:13
 Depths (0/5) D:15

Altars:
Ashenzari
Cheibriados
Dithmenos
Elyvilon
Fedhas
Gozag
Hepliaklqana
Kikubaaqudgha
Makhleb
Nemelex Xobeh
Okawaru
Sif Muna
Uskayaw
Vehumet
Xom

Shops:
D:4 ?   D:10 [   Orc:2 :(=

Annotations:
Lair:4 exclusion: 2 oklob plants


Innate Abilities, Weirdness & Mutations

You can breathe blasts of scalding, opaque steam.
Your pale cyan-grey scales are hard. (AC +9)
You cannot fit into any form of body armour.
You are cold-blooded and may be slowed by cold attacks.


Message History

The thorn hunter hits you but does no damage.
You block the thorn hunter's attack.
You feel very mighty all of a sudden.
The five-headed hydra barely misses you.
The five-headed hydra misses you. The five-headed hydra bites you.
* * * LOW HITPOINT WARNING * * *
The five-headed hydra closely misses you.
The five-headed hydra barely misses you.
You block the thorn hunter's attack. x2
You slash the thorn hunter! You burn the thorn hunter!
You tail-slap the thorn hunter!
The thorn hunter is moderately damaged.
You lop one of the five-headed hydra's heads off!
The flame cauterises the wound!
You slash the four-headed hydra! You burn the four-headed hydra.
The steam dragon breathes steam at you. The ball of steam misses you.
The thorn hunter fires a volley of thorns at you.
The volley of thorns hits you!
You die...

♣≈§≈≈≈≈≈≈≈.≈≈.≈.
♣♣♣.≈≈≈.≈♣≈≈.♣.≈
♣♣.†≈≈≈♣...♣ ♣
♣.D≈≈♣♣...♣
♣♣♣f≈♣♣♣ ≈.♣♣
♣≈≈♣≈♣ ♣♣♣
♣§♣♣♣♣♣♣♣..♣♣♣
♣≈§§§♣♣≈≈≈..≈♣.
♣♣§f@§.)..†≈.≈≈
♣§D≈§§D≈♣.≈≈♣≈
♣♣§§♣§......♣
♣.≈≈♣§D≈≈≈≈≈♣
♣.≈...§≈≈≈≈♣#
♣♣♣..(≈≈≈≈≈♣
≈...♣...≈♣
≈≈...§≈♣≈≈


You could see a thorn hunter, a four-headed hydra, a swamp dragon and a steam
dragon.

Vanquished Creatures
  Rupert (Orc:2)
  A thorn hunter (Swamp:1)
  Donald (Orc:1)
  The ghost of Thaneod the Severer, a journeyman GrCK of Trog (D:15)
  An ettin (Orc:2)
  Josephine (D:10)
  2 fire dragons (D:15)
  The ghost of Nattefrost the Cruncher, a journeyman FoHu of Okawaru (D:11)
  12 hydras
  5 ghost crabs (Swamp:2)
  Erica (D:9)
  A catoblepas (Lair:4)
  3 two-headed ogres
  9 alligators
  3 centaur warriors
  2 tengu warriors
  Urug (Lair:5)
  Sonja (Orc:2)
  4 unseen horrors
  3 spriggan druids (Swamp:2)
  2 shambling mangroves
  4 swamp dragons
  2 wizards
  2 necromancers
  A wolf spider zombie (D:15)
  4 orc knights
  2 oklob plants (Lair:4)
  A cyclops (D:14)
  16 ugly things
  A deep elf mage (D:15)
  3 manticores
  The ghost of komo4ek the Changer, a novice OpTm of Cheibriados (D:4)
  5 apocalypse crabs (Swamp:2)
  An ice statue (IceCv)
  Joseph (D:8)
  A black mamba (Lair:4)
  Psyche (D:9)
  14 spiny frogs
  2 efreet
  A komodo dragon (shapeshifter) (D:13)
  6 komodo dragons
  12 freezing wraiths
  A tengu conjurer (D:13)
  4 trolls
  7 hornets
  4 tyrant leeches
  14 blink frogs
  Grinder (D:5)
  A wolf spider simulacrum (D:14)
  17 slime creatures
  6 bog bodies
  6 hippogriffs
  3 shadows
  6 spriggans
  4 vampires
  6 wraiths
  31 yaks
  6 wyverns
  Grum (D:10)
  2 hungry ghosts
  15 swamp worms
  2 wargs (D:10)
  6 vampire mosquitoes (Swamp:1)
  Edmund (D:5)
  8 insubstantial wisps (Swamp:1)
  8 water moccasins
  2 soldier ants
  An acid dragon (D:11)
  8 ice beasts
  39 orc warriors
  10 porcupines
  9 swamp drakes
  2 black bears
  An eye of draining (D:11)
  3 sky beasts
  2 alligator simulacra (IceCv)
  A necrophage (D:11)
  A phantom (D:11)
  10 ogres
  27 wolves
  13 centaurs
  2 big kobolds
  An elf zombie (D:10)
  6 crocodiles
  A gnoll sergeant (D:12)
  17 bullfrogs
  3 wyvern skeletons
  6 scorpions
  A troll zombie (D:10)
  6 killer bees (D:11)
  4 howler monkeys
  12 wights
  5 crimson imps
  2 draconian simulacra (IceCv)
  A quasit (D:12)
  3 centaur zombies
  3 human zombies (D:10)
  4 bullfrog skeletons
  A bullfrog zombie (D:11)
  21 orc priests
  6 hounds
  4 jellies
  14 orc wizards
  5 centaur skeletons
  Ijyb (D:5)
  A human skeleton (D:10)
  4 iguanas
  15 worker ants
  4 troll simulacra (IceCv)
  2 wolf simulacra (IceCv)
  2 spriggan simulacra (IceCv)
  2 killer bee zombies
  A centaur simulacrum (IceCv)
  An ogre skeleton (D:10)
  A mummy (D:10)
  A hound skeleton (D:9)
  A howler monkey zombie (D:10)
  4 worker ant zombies
  10 gnolls
  8 adders
  6 naga simulacra (IceCv)
  5 ogre simulacra (IceCv)
  A shadow imp (D:14)
  12 white imps (IceCv)
  An ooze (D:5)
  3 adder skeletons
  5 worms
  4 dart slugs
  6 leopard geckos
  74 orcs
  6 bats
  5 giant cockroaches
  7 hobgoblins
  5 jackals
  4 quokkas
  2 frilled lizards
  5 goblins
  15 kobolds
  An orc skeleton (D:10)
  A quokka zombie (D:5)
  5 rats
  2 fungi
  4 plants
791 creatures vanquished.

Vanquished Creatures (others)
  An orc warrior (Orc:2)
  A swamp drake (Swamp:1)
  2 centaurs (Orc:2)
  4 orcs (Orc:2)
  5 fungi
  13 plants
26 creatures vanquished.

Grand Total: 817 creatures vanquished

Notes
Turn   | Place    | Note
-------+----------+-------------------------------------------
     0 | D:1      | MTVSty1e the Draconian Berserker began the quest for the Orb.
     0 | D:1      | Reached XP level 1. HP: 19/19 MP: 1/1
   238 | D:1      | Reached XP level 2. HP: 26/26 MP: 2/2
   600 | D:1      | Reached skill level 4 in Axes
  1018 | D:2      | Found a shadowy altar of Dithmenos.
  1267 | D:2      | Reached XP level 3. HP: 19/31 MP: 3/3
  1769 | D:3      | Reached ** piety under Trog
  1769 | D:3      | Reached skill level 5 in Axes
  1769 | D:3      | Reached XP level 4. HP: 34/38 MP: 4/4
  1941 | D:3      | Found a faded altar of an unknown god.
  2229 | D:3      | Found a deep blue altar of Sif Muna.
  2524 | D:3      | Reached XP level 5. HP: 5/45 MP: 5/5
  2818 | D:3      | Found a white marble altar of Elyvilon.
  2902 | D:3      | Reached skill level 6 in Axes
  3117 | D:4      | Found a blossoming altar of Fedhas.
  3117 | D:4      | Noticed a centaur
  3232 | D:4      | Killed a centaur
  3232 | D:4      | Reached XP level 6. HP: 48/51 MP: 6/6
  3275 | D:3      | Reached skill level 7 in Axes
  3555 | D:4      | Noticed komo4ek's ghost (novice OpTm)
  3578 | D:4      | Killed komo4ek's ghost
  3578 | D:4      | Reached skill level 8 in Axes
  3578 | D:4      | Your scales start taking on a pale cyan-grey colour.
  3578 | D:4      | Reached XP level 7. HP: 57/57 MP: 7/7
  3692 | D:4      | Reached *** piety under Trog
  3742 | D:4      | Noticed a dagger
  3743 | D:4      | Noticed a hand axe
  3746 | D:4      | Found a hide-covered altar of Uskayaw.
  3941 | D:4      | Reached skill level 9 in Axes
  3943 | D:4      | Found Wiupp's Magic Scroll Boutique.
  3977 | D:4      | Found an opulent altar of Gozag.
  4023 | D:4      | Found an iron altar of Okawaru.
  4827 | D:4      | Reached XP level 8. HP: 24/63 MP: 8/8
  5088 | D:5      | Entered Level 5 of the Dungeon
  5308 | D:5      | Reached skill level 10 in Axes
  5351 | D:5      | Noticed Ijyb
  5362 | D:5      | Killed Ijyb
  5565 | D:5      | Noticed Grinder
  5578 | D:5      | Killed Grinder
  5842 | D:5      | Reached skill level 11 in Axes
  6077 | D:5      | Found a sparkling altar of Nemelex Xobeh.
  6148 | D:5      | Noticed Edmund
  6157 | D:5      | Killed Edmund
  6590 | D:5      | Found a shimmering altar of Xom.
  6591 | D:5      | Found a hazy altar of Hepliaklqana.
  6592 | D:5      | Noticed a spectral ugly thing
  6758 | D:6      | Reached skill level 12 in Axes
  6758 | D:6      | Reached XP level 9. HP: 57/70 MP: 3/9
  6799 | D:6      | Found a radiant altar of Vehumet.
  6831 | D:6      | Found a staircase to the Ecumenical Temple.
  6874 | D:6      | Found a shattered altar of Ashenzari.
  6946 | D:6      | Found a snail-covered altar of Cheibriados.
  7423 | D:7      | Got an uncursed transparent hand axe {flame}
  7460 | D:7      | Identified the +11 hand axe of Hell's Wrath {flame, rF+} (You took it off a centaur on level 7 of the Dungeon)
  7871 | D:7      | Reached **** piety under Trog
  7951 | D:7      | Found a sparkling altar of Nemelex Xobeh.
  8309 | D:8      | Noticed Joseph
  8309 | D:8      | Found a flagged portal.
  8319 | D:8      | Killed Joseph
  8319 | D:8      | Reached skill level 13 in Axes
  8911 | D:8      | Reached XP level 10. HP: 44/80 MP: 6/10
  9282 | D:9      | Reached skill level 5 in Fighting
  9497 | D:9      | Noticed Erica
  9510 | D:9      | Killed Erica
  9510 | D:9      | Reached skill level 14 in Axes
  9551 | D:9      | Reached ***** piety under Trog
  9735 | D:9      | Noticed Psyche
  9741 | D:9      | Killed Psyche
  9741 | D:9      | Reached skill level 5 in Dodging
  9835 | D:10     | Entered Level 10 of the Dungeon
  9843 | D:10     | Got a scorched tin ring
  9844 | D:10     | Identified the ring "Toawuk" {rPois Str-2 Dex+2 Stlth-} (You found it on level 10 of the Dungeon)
  9858 | D:10     | Found a staircase to the Lair.
  9958 | D:10     | Reached skill level 1 in Shields
  9965 | D:10     | Noticed Grum
  9974 | D:10     | Killed Grum
  9987 | D:10     | Noticed Josephine
 10383 | D:10     | Found an ancient bone altar of Kikubaaqudgha.
 10595 | D:10     | Reached XP level 11. HP: 90/92 MP: 11/11
 10626 | D:10     | Killed Josephine
 11082 | D:10     | Noticed an unseen horror
 11090 | D:10     | Killed an unseen horror
 11272 | D:10     | Received a gift from Trog
 11275 | D:10     | Found a staircase to the Orcish Mines.
 11466 | D:10     | Found Vant's Armour Emporium.
 11738 | D:11     | Noticed Nattefrost's ghost (journeyman FoHu)
 11773 | D:11     | Killed Nattefrost's ghost
 11790 | D:11     | Noticed a white ugly thing
 11796 | D:11     | Killed a white ugly thing
 12173 | D:11     | Noticed a two-headed ogre
 12179 | D:11     | Killed a two-headed ogre
 12209 | D:11     | Reached skill level 10 in Fighting
 12278 | D:11     | Reached skill level 5 in Shields
 12438 | D:11     | Noticed an unseen horror
 12447 | D:11     | Killed an unseen horror
 12447 | D:11     | Reached XP level 12. HP: 88/106 MP: 8/12
 12494 | Lair:1   | Entered Level 1 of the Lair of Beasts
 12552 | Lair:1   | Found a frozen archway.
 12576 | IceCv    | Entered an ice cave
 12588 | IceCv    | Reached ****** piety under Trog
 12605 | IceCv    | Received a gift from Trog
 12774 | IceCv    | Reached skill level 15 in Axes
 12906 | IceCv    | Found an ancient bone altar of Kikubaaqudgha.
 13124 | IceCv    | Got a polished hat
 13420 | Lair:1   | Found a burning altar of Makhleb.
 13663 | Lair:1   | Reached skill level 1 in Evocations
 14007 | Lair:1   | Received a gift from Trog
 14466 | Lair:2   | Found a staircase to the Swamp.
 14730 | Lair:2   | Identified the +2 hat of an ossuary {*Corrode rF+ Int+3} (You found it in an ice cave)
 15021 | Lair:2   | Noticed a five-headed hydra
 15028 | Lair:2   | Killed a one-headed hydra
 15053 | Lair:2   | Reached XP level 13. HP: 107/117 MP: 13/15
 15412 | Lair:3   | Found a staircase to the Snake Pit.
 15516 | Lair:3   | Received a gift from Trog
 16057 | Snake:1  | Entered Level 1 of the Snake Pit
 16082 | Lair:4   | Found a burning altar of Makhleb.
 16865 | Lair:4   | Reached skill level 16 in Axes
 17390 | Lair:5   | Noticed Urug
 17419 | Lair:5   | Killed Urug
 17682 | Lair:5   | Found a staircase to the Slime Pits.
 18440 | D:12     | Cast into level 2 of the Abyss (gnoll sergeant)
 18451 | D:12     | Escaped the Abyss
 18463 | D:12     | Reached skill level 5 in Evocations
 18851 | D:12     | Found a flickering gateway to a bazaar.
 18866 | Bazaar   | Entered a bazaar
 18871 | Bazaar   | Found Datrusod's Jewellery Shop.
 18885 | Bazaar   | Found Wexyjidgh's Antique Armour Shop.
 20080 | D:13     | Found a gate to the Vaults.
 20122 | D:13     | Reached XP level 14. HP: 115/127 MP: 16/18
 20176 | D:13     | Received a gift from Trog
 21734 | D:15     | Entered Level 15 of the Dungeon
 22233 | D:15     | Noticed Nessos
 22552 | D:15     | Noticed Nessos
 22552 | D:15     | Nessos changed into Nessos the swamp worm
 22563 | D:15     | Killed Nessos the swamp worm
 22566 | D:15     | Reached skill level 17 in Axes
 23106 | D:15     | Noticed Thaneod's ghost (journeyman GrCK)
 23123 | D:15     | Killed Thaneod's ghost
 23464 | D:15     | Found a staircase to the Depths.
 23929 | Orc:1    | Entered Level 1 of the Orcish Mines
 23976 | D:10     | Reached skill level 10 in Dodging
 24276 | Orc:1    | Received a gift from Trog
 25060 | Orc:2    | Entered Level 2 of the Orcish Mines
 25574 | Orc:2    | Noticed Donald
 25578 | Orc:1    | Received a gift from Trog
 25706 | Orc:1    | Killed Donald
 26304 | Orc:2    | Noticed Sonja
 26314 | Orc:2    | Killed Sonja
 26730 | Orc:2    | Found a staircase to the Elven Halls.
 26847 | Orc:2    | Noticed Rupert
 26863 | Orc:2    | Killed Rupert
 26863 | Orc:2    | Reached XP level 15. HP: 137/137 MP: 12/19
 27020 | Orc:2    | Found a radiant altar of Vehumet.
 27125 | Orc:2    | Found Zogon's Food Shoppe.
 27125 | Orc:2    | Found Vehusuuc's Weapon Shop.
 27128 | Orc:2    | Found Dengonuw's Jewellery Emporium.
 27130 | Orc:2    | Found Issoev's Book Boutique.
 27139 | Orc:2    | Bought a ration for 65 gold pieces
 27139 | Orc:2    | Bought a ration for 65 gold pieces
 27139 | Orc:2    | Bought a ration for 65 gold pieces
 27139 | Orc:2    | Bought a ration for 65 gold pieces
 27139 | Orc:2    | Bought a ration for 65 gold pieces
 27139 | Orc:2    | Bought a ration for 65 gold pieces
 27139 | Orc:2    | Bought a ration for 65 gold pieces
 27147 | Orc:2    | Bought an uncursed ring of resist corrosion for 280 gold pieces
 27524 | D:4      | Bought a scroll of identify for 20 gold pieces
 27524 | D:4      | Bought a scroll of teleportation for 30 gold pieces
 27524 | D:4      | Bought a scroll of blinking for 75 gold pieces
 27524 | D:4      | Bought a scroll of enchant weapon for 75 gold pieces
 27841 | Swamp:1  | Entered Level 1 of the Swamp
 28271 | Swamp:1  | Noticed a thorn hunter
 28287 | Swamp:1  | Killed a thorn hunter
 28288 | Swamp:1  | HP: 5/137 [spriggan rider/uncursed spear (7)]
 28292 | Swamp:1  | HP: 2/137 [hornet (1)]
 28295 | Swamp:1  | Reached skill level 18 in Axes
 29216 | Swamp:1  | Received a gift from Trog
 30814 | Swamp:2  | Found a runed door.
 31726 | Swamp:2  | Reached skill level 15 in Fighting
 33752 | Swamp:3  | Reached XP level 16. HP: 127/149 MP: 11/20
 34117 | Swamp:4  | Entered Level 4 of the Swamp
 34174 | Swamp:4  | Received a gift from Trog
 34228 | Swamp:4  | Noticed a thorn hunter
 34241 | Swamp:4  | Killed from afar by a thorn hunter

Skill      XL: |  1  2  3  4  5  6  7  8  9 10 11 12 13 14 15 |
---------------+----------------------------------------------+-----
Axes           | 4 5 6 8 9 12 13 14 15 16 17 18 | 18.6
Dodging        | 4 5 7 8 9 10 11 | 11.6
Fighting       | 4 7 10 11 12 13 15 | 15.6
Shields        | 2 5 6 8 9 |  9.0
Evocations     | 3 5 6 |  6.5

Action                   |  1- 3 |  4- 6 |  7- 9 | 10-12 | 13-15 | 16-18 || total
-------------------------+-------+-------+-------+-------+-------+-------++-------
Melee: Hand axe          |    88 |   153 |   398 |   675 |  1369 |    43 ||  2726
       Tailslap          |    10 |    24 |    74 |   122 |   266 |     6 ||   502
       War axe           |       |       |     8 |       |       |       ||     8
Invok: Berserk           |     1 |     3 |     3 |     4 |    13 |     1 ||    25
       Burn Spellbooks   |       |       |     2 |     3 |     1 |       ||     6
       Trog's Hand       |       |       |       |     1 |       |       ||     1
 Abil: Breathe Steam     |       |       |    11 |    10 |    12 |     3 ||    36
Evoke: Wand              |       |       |       |       |    22 |       ||    22
  Use: Potion            |       |     1 |       |       |     5 |     5 ||    11
       Scroll            |       |       |    17 |    11 |    18 |     1 ||    47
 Stab: Sleeping          |     1 |       |       |       |       |       ||     1
       Confused          |       |       |       |       |     1 |       ||     1
  Eat: Chunk             |     2 |     7 |     5 |     9 |    16 |       ||    39
       Ration            |       |     1 |     5 |     5 |    17 |     1 ||    29
Armor: Skin              |    22 |    46 |    96 |    94 |   233 |     6 ||   497
Dodge: Dodged            |    61 |    91 |   153 |   255 |   679 |    18 ||  1257
Block: Buckler           |       |       |    44 |   158 |   265 |       ||   467
       Shield            |       |       |       |       |   274 |    16 ||   290
       Reflection        |       |       |       |       |    32 |       ||    32
